 Dungeon Crawl Stone Soup version 0.27.1-33-g824d729ab1 (webtiles) character file.

Game seed: 13180035083199307582

560 Garessta the Conjurer (level 7, -1/46 HPs)
             Began as a Demonspawn Conjurer on Dec 18, 2021.
             Killed from afar by Pikel (16 damage)
             ... with a bolt of acid
             ... on level 4 of the Dungeon.
             The game lasted 00:15:07 (6386 turns).

Garessta the Conjurer (Demonspawn Conjurer)         Turns: 6386, Time: 00:15:08

Health: -1/46      AC:  4    Str:  8    XL:     7   Next: 9%
Magic:  8/13       EV: 12    Int: 21    God:
Gold:   217        SH:  4    Dex: 11    Spells: 7/14 levels left

rFire    . . .     SeeInvis .   h - +3 dagger (protect)
rCold    . . .     Faith    +   (no shield)
rNeg     . . .     Spirit   .   k - +1 leather armour
rPois    .         Reflect  .   (no helmet)
rElec    .         Harm     .   (no cloak)
rCorr    .         Rampage  .   (no gloves)
Will     .....                  (no boots)
Stlth    ++........             f - amulet of faith
HPRegen  0.15/turn              l - ring of flight
MPRegen  0.13/turn              (no ring)

@: flying
A: sturdy frame 2, condensation shield
a: no special abilities


You were on level 4 of the Dungeon.
You visited 2 branches of the dungeon, and saw 5 of its levels.
You also visited: Sewer.

You collected 217 gold pieces.

Inventory:

Hand Weapons
 b - a +0 spear
 h - a +3 dagger of protection (weapon)
Armour
 k - a +1 leather armour (worn)
Jewellery
 f - an amulet of faith (around neck)
 l - a ring of flight (left hand)
Scrolls
 g - a scroll of enchant armour
 m - a scroll of magic mapping {unknown}
Potions
 a - a potion of heal wounds
 c - a potion of brilliance {unknown}
 d - 2 potions of mutation {unknown}
 e - a potion of resistance {unknown}
 i - a potion of ambrosia {unknown}
 j - a potion of curing {unknown}


   Skills:
 - Level 1.7 Dodging
 - Level 1.7 Stealth
 + Level 4.3 Spellcasting
 * Level 7.4 Conjurations


You had 7 spell levels left.
You knew the following spells:

 Your Spells              Type           Power      Damage    Failure   Level
a - Magic Dart            Conj           100%       1d8       1%          1
b - Searing Ray           Conj           70%        3d5       1%          2
c - Iskenderun's Mystic   Conj/Tloc      20%        2d6       26%         4

Your spell library contained the following spells:

 Spells                   Type           Power      Damage    Failure   Level
 Dazzling Flash           Conj/Hex       40%        N/A       8%          3
 Fulminant Prism          Conj/Hex       10%        3d9       26%         4


Dungeon Overview and Level Annotations

Branches:
Dungeon (4/15)             Temple (1/1) D:4           Sewer (visited)

Altars:
Ashenzari
Cheibriados
Elyvilon
Fedhas
Nemelex Xobeh
Ru
Sif Muna
Wu Jian
Xom
Zin
The Shining One

Annotations:
D:4 Pikel


Innate Abilities, Weirdness & Mutations

Your movements are less encumbered by armour. (ER -4)
A meltable shield of frost defends you. (SH +4)


Message History

Confirm with . or Enter, or press ? or * to list all spells.
Aiming: Magic Dart (safe; 1% risk of failure)
Press: ? - help, Shift-Dir - straight line, f/p - Pikel
Aim: Pikel, wielding a +2 whip of flaming, wearing a +0 robe and carrying a wand of acid (6) (lightly wounded, 100% to hit)
The magic dart hits Pikel.
Pikel is lightly wounded.
Casting: Magic Dart (safe; 1% risk of failure)
Confirm with . or Enter, or press ? or * to list all spells.
Aiming: Magic Dart (safe; 1% risk of failure)
Press: ? - help, Shift-Dir - straight line, f/p - Pikel
Aim: Pikel, wielding a +2 whip of flaming, wearing a +0 robe and carrying a wand of acid (6) (lightly wounded, 100% to hit)
The magic dart hits Pikel.
Pikel is lightly wounded.
Casting: Magic Dart (safe; 1% risk of failure)
Confirm with . or Enter, or press ? or * to list all spells.
Aiming: Magic Dart (safe; 1% risk of failure)
Press: ? - help, Shift-Dir - straight line, f/p - Pikel
Aim: Pikel, wielding a +2 whip of flaming, wearing a +0 robe and carrying a wand of acid (6) (lightly wounded, 100% to hit)
The magic dart hits Pikel.
Pikel is lightly wounded.
Pikel is nearby!
Pikel is nearby!
Pikel says, "You'll make a fine lemure."
Pikel is nearby!
You start resting.
Pikel is nearby!
Casting: Magic Dart (safe; 1% risk of failure)
Confirm with . or Enter, or press ? or * to list all spells.
Aiming: Searing Ray (safe; 1% risk of failure)
Press: ? - help, Shift-Dir - straight line, f/p - Pikel
Aim: Pikel, wielding a +2 whip of flaming, wearing a +0 robe and carrying a wand of acid (6) (lightly wounded, 76% to hit)
The searing ray hits Pikel!
Pikel is moderately wounded. (Press . to maintain the ray.) Pikel zaps a wand.
The bolt of acid misses you.
The searing ray hits Pikel.
Pikel is heavily wounded.
Pikel zaps a wand.
The bolt of acid hits you!!
You are splashed with acid!
Pikel zaps a wand.
The bolt of acid hits you!
You die...

..#..###..#............... .
..#...#..#.............. ## .
.#.###.#.#............##
###..#.#.#...#.#.#...........##
....#.#[#.>K#.#.#...........##
#..#.#.#...#.#.#.......##.###
#...#.#.###.#.#............#.
#...#..#...#..#.##.....###...
#....#..###.@#..####..##.##..
##.....##...##....##..##.^.##.
#........###.........##.^_.^##
###..##.......##....##.....^^#
### #........#...##......^..
##.......#...#...#####..
#.....##.....##.'#.#.#+.
####.............###..#..##
##.......#####........###...


You could see Pikel.

Vanquished Creatures
  4 lemures
  Blork the orc (D:4)
  2 bullfrogs (Sewer)
  An orc priest (D:4)
  A hound (D:4)
  A jelly (D:4)
  An orc wizard (D:4)
  A howler monkey zombie (D:4)
  A howler monkey skeleton (D:4)
  8 adders
  3 worms
  A dart slug (D:2)
  7 orcs (D:4)
  15 endoplasms
  13 giant cockroaches
  7 goblins
  11 hobgoblins
  3 jackals (D:2)
  12 quokkas
  23 ball pythons
  4 bats
  11 frilled lizards
  4 kobolds
  4 rats
139 creatures vanquished.

Vanquished Creatures (others)
  A plant (D:2)
1 creature vanquished.

Grand Total: 140 creatures vanquished

Notes
Turn   | Place    | Note
-------+----------+-------------------------------------------
     0 | D:1      | Garessta the Demonspawn Conjurer began the quest for the
                  | Orb.
     0 | D:1      | Reached XP level 1. HP: 13/13 MP: 3/3
   537 | D:1      | Gained mutation: Your movements are slightly less
                  | encumbered by armour. (ER -2) [demonic ancestry]
   537 | D:1      | Reached XP level 2. HP: 19/19 MP: 1/5
   540 | D:1      | Learned a level 2 spell: Searing Ray
  1303 | D:1      | Gained mutation: Your movements are less encumbered by
                  | armour. (ER -4) [demonic ancestry]
  1303 | D:1      | Reached XP level 3. HP: 24/24 MP: 3/6
  1988 | D:2      | Reached skill level 5 in Conjurations
  2657 | D:2      | Reached XP level 4. HP: 30/30 MP: 3/8
  2725 | D:2      | Found a faded altar of an unknown god.
  3923 | D:4      | Noticed Blork the orc
  3933 | D:4      | Found a broken altar of Ashenzari.
  3938 | D:4      | Killed Blork the orc
  3939 | D:4      | Reached skill level 6 in Conjurations
  3939 | D:4      | Reached XP level 5. HP: 33/35 MP: 3/10
  4029 | D:4      | Found a glowing drain.
  4100 | Sewer    | Entered a sewer
  4158 | Sewer    | Learned a level 4 spell: Iskenderun's Mystic Blast
  4515 | Sewer    | Reached XP level 6. HP: 41/41 MP: 3/11
  5130 | Sewer    | Reached skill level 7 in Conjurations
  5242 | D:4      | Noticed Pikel
  5696 | D:4      | Gained mutation: A meltable shield of frost defends you.
                  | (SH +4) [demonic ancestry]
  5696 | D:4      | Reached XP level 7. HP: 46/46 MP: 7/13
  5805 | D:4      | Found a sparkling altar of Nemelex Xobeh.
  5849 | D:4      | Found a staircase to the Ecumenical Temple.
  5856 | Temple   | Entered the Ecumenical Temple
  6386 | D:4      | Killed from afar by Pikel

Illustrated notes

Levels and vault maps discovered:
D:1:      dpeg_arrival_rhombi, layout_basic
D:2:      layout_basic, shapermc_ecumenical_altar_acropolis, serial_forest,
          infiniplex_forest_straight_2, infiniplex_forest_fountain,
          infiniplex_forest_clump_medium, infiniplex_forest_lined_1,
          infiniplex_forest_lined_ring, infiniplex_forest_clump_diagonal,
          chequers_serial_rivers_small_b
D:3:      layout_basic
D:4:      layout_cave_pools, nemelex_spade_bored_becter,
          mainiacjoe_overflow_brackets, minmay_temple_entry_steel_oval,
          cheibrodos_sewer_entry_drain, minmay_mini_ossuary, uniq_blork_the_orc,
          uniq_pikel
Temple:   kb_temple_of_zot

Skill      XL: |  1  2  3  4  5  6 |
---------------+-------------------+-----
Conjurations   | 5 6 7 |  7.4
Spellcasting   | 3 4 |  4.3
Dodging        | |  1.7
Stealth        | |  1.7

Action                   |  1- 3 |  4- 6 |  7- 9 || total
-------------------------+-------+-------+-------++-------
Melee: Unarmed           |    10 |       |       ||    10
       Spear             |     2 |       |       ||     2
       Dagger            |       |     6 |       ||     6
 Cast: Magic Dart        |    88 |    89 |    17 ||   194
       Searing Ray       |     3 |    35 |     5 ||    43
  Use: Scroll            |       |     4 |       ||     4
Armor: Robe              |     1 |       |       ||     1
       Leather armour    |       |     2 |       ||     2
Dodge: Dodged            |    10 |    18 |     5 ||    33
Block: Other             |       |       |     2 ||     2
